 Dungeon Crawl Stone Soup version 0.26.0-10-g1f06aea511 (webtiles) character file.

Game seed: 1163646749732875460

81 EnegeticOcto the Sneak (level 4, 0/26 HPs)
             Began as a Deep Elf Warper on Jan 14, 2021.
             Succumbed to an adder's poison
             ... on level 2 of the Dungeon.
             The game lasted 00:10:37 (2399 turns).

EnegeticOcto the Sneak (Deep Elf Warper)            Turns: 2399, Time: 00:10:38

Health: 0/26       AC:  3    Str:  6    XL:     4   Next: 20%
Magic:  10/10      EV: 12    Int: 19    God:
Gold:   48         SH:  0    Dex: 14    Spells: 7/9 levels left

rFire    . . .     SeeInvis .   d - scroll of blinking {@r4}
rCold    . . .     Faith    .   (no shield)
rNeg     . . .     Spirit   .   l - +0 leather armour
rPois    .         Reflect  .   (no helmet)
rElec    .         Harm     .   (no cloak)
rCorr    .         Rampage  .   (no gloves)
Will     .....                  (no boots)
Stlth    ++........             (no amulet)
HPRegen  0.08/turn              (no ring)
MPRegen  0.12/turn              (no ring)

@: mighty, brilliant, lethally poisoned (0 -> -6)
A: weak 1, sturdy frame 1
a: no special abilities


You were on level 2 of the Dungeon.
You visited 1 branch of the dungeon, and saw 2 of its levels.

You collected 48 gold pieces.

Inventory:

Hand Weapons
 a - a +0 spear
 b - a +0 hunting sling
   (You found it on level 1 of the Dungeon)
Missiles
 e - 5 boomerangs of dispersal
 g - 63 stones (quivered)
 i - 54 arrows
 j - a throwing net {!f}
Armour
 l - a +0 leather armour (worn)
Jewellery
 o - an uncursed ring of willpower {unknown}
   (You found it on level 2 of the Dungeon)
Scrolls
 d - a scroll of blinking (in hand) {@r4}
 f - a scroll of teleportation {unknown}
 m - a scroll of enchant weapon {unknown}
 p - a scroll of enchant armour {unknown}


   Skills:
 + Level 2.0 Fighting
 - Level 1.3 Polearms
 - Level 1.3(1.5) Slings
 - Level 1.0(1.5) Throwing
 - Level 0.7 Armour
 - Level 2.4 Dodging
 - Level 4.0 Stealth
 - Level 3.0 Spellcasting
 - Level 3.2 Translocations


You had 7 spell levels left.
You knew the following spells:

 Your Spells              Type           Power        Failure   Level
Y - Blink                 Tloc           N/A          7%          2

Your spell library contained the following spells:

 Spells                   Type           Power        Failure   Level
 Gell's Gravitas          Tloc           11%          13%         3
 Lesser Beckoning         Tloc           11%          13%         3
 Teleport Other           Tloc           23%          13%         3
 Passage of Golubria      Tloc           N/A          41%         4


Dungeon Overview and Level Annotations

Branches:
Dungeon (2/15)

Altars:


Innate Abilities, Weirdness & Mutations

You are weak. (Str -2)
Your movements are slightly less encumbered by armour. (ER -2)


Message History

Press: ? - help, Q - select action, (/) - cycle Shift-Dir - straight line, f/p - adder
Aim: an adder (moderately wounded)
You shoot a stone. The stone hits the adder.
The adder is severely wounded.
The adder barely misses you.
Fire: 66 stones
Press: ? - help, Q - select action, (/) - cycle Shift-Dir - straight line, f/p - adder
Aim: an adder (severely wounded)
You shoot a stone. The stone misses the adder.
The stone hits the adder.
The adder is lightly wounded.
The adder bites you.
Fire: 65 stones
Press: ? - help, Q - select action, (/) - cycle Shift-Dir - straight line, f/p - adder
Aim: an adder (severely wounded)
You shoot a stone. The stone misses the adder.
The stone closely misses the adder.
The adder bites you. x2
You are poisoned.
The adder poisons you!
Fire: 64 stones
Press: ? - help, Q - select action, (/) - cycle Shift-Dir - straight line, f/p - adder
Aim: an adder (severely wounded)
You shoot a stone. The stone closely misses the adder.
The stone misses the adder.
You feel sick. The adder bites you.
You are more poisoned.
The adder poisons you!
You feel sick. The adder barely misses you.
It was a potion of mutation.
You feel extremely strange.
You feel weaker.
You feel less encumbered by your armour.
You feel sick. The adder bites you but does no damage.
It was a potion of might.
You feel very mighty all of a sudden.
You feel sick. The adder closely misses you.
It was a potion of brilliance.
You feel clever all of a sudden.
You feel sick. The adder bites you.
* * * LOW HITPOINT WARNING * * *
It was a potion of curing.
You feel better. The adder closely misses you. The adder barely misses you.
a - a +0 spear (weapon)
You puncture the adder!
You kill the adder!
A bat comes into view.
Your Slings skill increases to level 1!
You have reached level 4!
You feel clever.
You hit the adder.
The adder is moderately wounded.
The adder bites you.
You are poisoned.
The adder poisons you! The adder misses you.
You hit the adder.
The adder is heavily wounded.
You feel sick. The adder bites you.
You miss the adder.
The adder is heavily wounded.
You feel sick. The adder bites you.
You are more poisoned.
The adder poisons you!
You miss the adder.
The adder is heavily wounded.
The adder bites you.
You are lethally poisoned!
The adder poisons you! The adder closely misses you.
You puncture the adder!
You kill the adder!
You feel sick. The bat barely misses you.
You feel sick. The bat hits you.
You see here an adder corpse.
You hit the bat.
You kill the bat!
* * * LOW HITPOINT WARNING * * *
You feel sick.
* * * LOW HITPOINT WARNING * * *
You feel sick.
A goblin comes into view. It is wielding a +0 club.
* * * LOW HITPOINT WARNING * * *
You feel sick.
You see here 2 stones.
* * * LOW HITPOINT WARNING * * *
You feel sick.
The goblin shouts!
Reach: a) +0 spear
Press: ? - help, Dir - move target, f - goblin
Aim: a goblin, wielding a +0 club You reach to attack!
You hit the goblin.
You kill the goblin!
* * * LOW HITPOINT WARNING * * *
You feel sick.
d - a scroll of blinking (in hand) {@r4}
* * * LOW HITPOINT WARNING * * *
You feel sick.
You swing at nothing.
* * * LOW HITPOINT WARNING * * *
You feel sick.
You swing at nothing.
You swing at nothing.
You die...

. # . .#
######.####
.#####..........
................
..
.....)........
#.# #...........
#.# #..@........
#.#
######....#..
#.# #..†.((..(#
#.#
#.####.....(..
#.###.#
##.###...
#.....# .# ..
#.##### .# .
#.##### .#
#.....# ..


There were no monsters in sight!

Vanquished Creatures
  3 adders (D:2)
  A gnoll (D:1)
  A dart slug (D:2)
  A leopard gecko (D:1)
  3 bats
  3 giant cockroaches
  5 goblins
  6 hobgoblins
  5 jackals
  4 kobolds (D:1)
  A quokka (D:2)
  A ball python (D:1)
  A frilled lizard (D:1)
  3 rats (D:2)
38 creatures vanquished.

Notes
Turn   | Place    | Note
-------+----------+-------------------------------------------
     0 | D:1      | EnegeticOcto the Deep Elf Warper began the quest for the
                  | Orb.
     0 | D:1      | Reached XP level 1. HP: 12/12 MP: 6/6
   171 | D:1      | Reached skill level 1 in Stealth
   323 | D:1      | Reached skill level 2 in Fighting
   323 | D:1      | Reached XP level 2. HP: 17/17 MP: 8/8
   407 | D:1      | Learned a level 2 spell: Blink
   421 | D:1      | Reached skill level 2 in Stealth
  1310 | D:1      | Reached skill level 3 in Stealth
  1476 | D:2      | Reached XP level 3. HP: 21/21 MP: 9/9
  2023 | D:2      | Reached skill level 4 in Stealth
  2378 | D:2      | Gained mutation: You are weak. (Str -2) [potion of
                  | mutation]
  2378 | D:2      | Gained mutation: Your movements are slightly less
                  | encumbered by armour. (ER -2) [potion of mutation]
  2384 | D:2      | Reached skill level 1 in Slings
  2384 | D:2      | Reached XP level 4. HP: 20/26 MP: 10/10
  2397 | D:2      | HP: 1/26 [poisoned by an adder]
  2399 | D:2      | Succumbed to an adder's poison

Illustrated notes

Levels and vault maps discovered:
D:1:      scummos_arrival_simple_fountains, layout_basic
D:2:      layout_loops_ring

Skill      XL: |  1  2  3 |
---------------+----------+-----
Stealth        | 1 3 4 |  4.0
Fighting       | 2 |  2.0
Slings         | 1 |  1.3
Polearms       | |  1.3
Throwing       | |  1.0
Armour         | |  0.7
Dodging        | |  2.4
Spellcasting   | |  3.0
Translocations | |  3.2

Action                   |  1- 3 |  4- 6 || total
-------------------------+-------+-------++-------
Melee: Spear             |   116 |     7 ||   123
 Fire: Hunting sling     |    63 |       ||    63
Throw: Stone             |    45 |       ||    45
 Cast: Blink             |     2 |       ||     2
  Use: Potion            |     4 |       ||     4
Armor: Leather armour    |    33 |       ||    33
Dodge: Dodged            |    88 |     3 ||    91
